 Dungeon Crawl Stone Soup version 0.21.1-35-gfefc1aa2bb (webtiles) character file.

47 Brecoman the Chucker (level 3, 0/35 HPs)
             Began as a Troll Hunter on July 31, 2018.
             Slain by Terence
             ... wielding a +0 trident
              (11 damage)
             ... on level 2 of the Dungeon.
             The game lasted 00:03:51 (806 turns).

Brecoman the Chucker (Troll Hunter)                  Turns: 806, Time: 00:03:52

Health: 0/35       AC:  5    Str: 21    XL:     3   Next: 48%
Magic:  2/2        EV: 10    Int:  7    God:
Gold:   49         SH:  0    Dex: 10    Spells: 2/2 levels left

rFire    . . .     SeeInvis .     - Unarmed
rCold    . . .     Gourm    +   (no shield)
rNeg     . . .     Faith    .   b - +0 robe
rPois    .         Spirit   .   (helmet restricted)
rElec    .         Reflect  .   (no cloak)
rCorr    .         Harm     .   (gloves unavailable)
MR       .....                  (boots unavailable)
Stlth    +.........             (no amulet)
HPRegen  0.51/turn              (no ring)
MPRegen  0.08/turn              (no ring)

@: lethally poisoned (0 -> -4)
A: large, unfitting armour, claws 3, fast metabolism 3, gourmand, regeneration
1, shaggy fur 1, tough skin 2
a: no special abilities


You were on level 2 of the Dungeon.
You were completely stuffed.

You visited 1 branch of the dungeon, and saw 2 of its levels.

You collected 49 gold pieces.

Inventory:

Hand Weapons
 a - a +0 short sword
Missiles
 c - 60 stones
 d - 2 throwing nets
 e - 2 large rocks (quivered)
Armour
 b - a +0 robe (worn)
Scrolls
 i - a scroll of remove curse {unknown}
 l - a scroll of identify {unknown}
 n - 2 scrolls of teleportation {unknown}
Potions
 g - a potion of brilliance {unknown}
 h - 2 potions of curing {unknown}
 j - a potion of mutation {unknown}
 m - a potion of lignification {unknown}
Comestibles
 f - 2 rations
 k - a chunk of flesh


   Skills:
 + Level 2.1 Fighting
 * Level 4.2 Throwing
 - Level 1.5 Dodging
 - Level 0.3 Stealth
 * Level 1.3 Unarmed Combat


You had 2 spell levels left.
You didn't know any spells.

Dungeon Overview and Level Annotations

Branches:
Dungeon (2/15)

Altars:

Annotations:
D:2 Terence


Innate Abilities, Weirdness & Mutations

You are too large for most types of armour.
You have claws for hands.
Your metabolism is lightning-fast.
You like to eat raw meat.
Your natural rate of healing is unusually fast.
You are covered in fur. (AC +1)
You have very tough skin. (AC +2)


Message History

The adder is heavily wounded.
The adder closely misses you.
Terence hits you from afar with a trident.
You closely miss the adder.
The adder is heavily wounded.
The adder barely misses you.
Terence hits you from afar with a trident.
The adder bites you.
You are more poisoned.
The adder poisons you!
You barely miss the adder.
The adder is heavily wounded.
You feel sick. Terence closely misses you. The adder bites you.
You are more poisoned.
The adder poisons you!
You completely miss the adder.
The adder is heavily wounded.
You feel sick. The adder closely misses you.
Terence hits you from afar with a trident!
You die...

#................##.####
#...#
#................##.#..
...
#...................#.#
...
##..............####..##.#
##......#.....## ##.#...#
##..#.#####[## #..#(######
#..##.# #..# ##..(........
#.#...#
#.#####..#.#######.
#.#>### #.#.@S@g.#.# #.#.#
###...###g...# #...#
#....## #.#### #####
#.#### ..# ### ...# ###.#
..# ###


You could see Terence, an adder, a hobgoblin and a goblin.

Vanquished Creatures
  An adder (D:2)
  An ooze (D:2)
  2 dart slugs (D:1)
  2 leopard geckos (D:1)
  2 giant cockroaches
  5 goblins (D:1)
  4 hobgoblins (D:1)
  2 bats
  3 frilled lizards
  3 kobolds (D:1)
  4 rats
29 creatures vanquished.

Notes
Turn   | Place    | Note
-------+----------+-------------------------------------------
     0 | D:1      | Brecoman the Troll Hunter began the quest for the Orb.
     0 | D:1      | Reached XP level 1. HP: 19/19 MP: 0/0
    52 | D:1      | Reached XP level 2. HP: 27/28 MP: 1/1
    93 | D:1      | Reached skill level 4 in Throwing
   623 | D:1      | Reached skill level 1 in Unarmed Combat
   623 | D:1      | Reached XP level 3. HP: 30/35 MP: 2/2
   786 | D:2      | Noticed Terence
   806 | D:2      | Slain by Terence

Skill      XL: |  1  2 |
---------------+-------+-----
Throwing       | 4 |  4.2
Fighting       | 2 |  2.1
Unarmed Combat | 1 |  1.3
Dodging        | |  1.5
Stealth        | |  0.3

Action                   || total
-------------------------++-------
Melee: Short sword       ||    14
       Unarmed           ||    78
Throw: Large rock        ||     7
 Stab: Sleeping          ||     1
  Eat: Chunk             ||    13
Armor: Robe              ||    33
Dodge: Dodged            ||    52
